Map: Ephemeron LE

Players

ViBE - Winner!

  • Race: Terran Terran
  • League: Diamond
  • Spawn Location: 5:00

BAdhAbBitS

  • Race: Terran Terran
  • League: Platinum
  • Spawn Location: 11:00

VOD

Have the link to the VOD?

Description

Time

  • Played on: Dec. 23, 2019, 5:16 a.m.
  • Length: 9:06
Show
View Real Time Build Order
Export as new Build Order

ViBE Terran - Winner!

Build Orders:  

Get SALT Encoding   

  12  0:00  SCV  
  13  0:13  SCV  
  14  0:20  Supply Depot  
  14  0:25  SCV  
  15  0:42  SCV  
  16  0:44  Barracks  
  16  0:46  Refinery  
  16  0:54  SCV  
  17  1:06  SCV  
  18  1:18  SCV  
  20  1:33  Reaper  
  20  1:35  Orbital Command  
  20  1:45  Command Center  
  20  2:01  SCV  
  20  2:02  Supply Depot  
  21  2:08  Factory  
  21  2:13  Refinery  
  21  2:19  SCV  
  22  2:31  SCV, Barracks Reactor  
  23  2:43  SCV  
  24  2:55  SCV  
  25  3:00  Orbital Command  
  25  3:05  Starport  
  25  3:06  Factory Tech Lab  
  25  3:07  Marine x2, SCV  
  28  3:14  Bunker  
  28  3:19  SCV  
  29  3:25  Siege Tank  
  29  3:26  Marine x2  
  34  3:31  SCV  
  33  3:41  SCV  
  33  3:43  SCV  
  35  3:53  SCV  
  36  3:55  SCV  
  36  4:00  Marine x2  
  36  4:02  Raven  
  39  4:06  Factory Reactor  
  39  4:08  SCV x2  
  43  4:12  Command Center  
  43  4:18  Marine x2  
  43  4:20  SCV  
  43  4:23  Supply Depot  
  46  4:25  Supply Depot  
  46  4:32  SCV  
  46  4:36  SCV  
  48  4:42  Barracks x2  
  48  4:44  SCV, Marine x2  
  51  4:52  SCV  
  52  4:53  Siege Tank  
  52  4:55  Medivac  
  52  4:56  SCV  
  58  5:02  Marine x2  
  58  5:03  Supply Depot  
  58  5:04  SCV  
  61  5:08  SCV  
  61  5:12  Supply Depot  
  62  5:17  SCV  
  62  5:20  SCV  
  59  5:32  SCV  
  59  5:33  SCV  
  60  5:40  SCV  
  60  5:41  Barracks Reactor  
  60  5:42  Barracks Tech Lab x2  
  61  5:44  SCV  
  61  5:45  SCV  
  61  5:46  Engineering Bay  
  61  5:48  Engineering Bay  
  63  5:52  SCV  
  63  5:55  Marine, Refinery x2  
  63  5:56  Marine, Siege Tank  
  69  6:04  Combat Shield, Orbital Command  
  69  6:05  Stimpack  
  69  6:07  SCV x2  
  69  6:08  Marine x2  
  73  6:13  Marine  
  74  6:19  SCV x2  
  74  6:23  Terran Infantry Weapons Level 1  
  76  6:28  Supply Depot  
  76  6:29  Marine x2  
  76  6:30  Marine  
  76  6:31  SCV x2  
  81  6:34  Terran Infantry Armor Level 1  
  81  6:39  Orbital Command  
  81  6:43  SCV x2  
  83  6:58  Marine, Sensor Tower  
  83  6:59  Marine x3  
  83  7:00  Siege Tank  
  90  7:06  SCV x3  
  93  7:16  Marine, Refinery  
  93  7:18  Marine x3, SCV x3  
  93  7:20  Refinery  
  93  7:22  Armory  
  100  7:27  Medivac x2  
  104  7:30  SCV x2  
  104  7:33  Supply Depot  
  104  7:34  Marine, Supply Depot  
  104  7:35  Supply Depot  
  104  7:36  Marine  
  108  7:49  SCV  
  108  7:50  Barracks  
  108  7:51  Barracks x2  
  109  7:52  Barracks  
  109  7:54  Supply Depot  
  109  7:55  SCV x2, Supply Depot  
  109  7:57  Marine x4  
  115  7:59  Siege Tank  
  115  8:01  SCV  
  115  8:02  Medivac  
  115  8:03  Viking  
  123  8:12  SCV x2  
  125  8:14  Marine, Command Center  
  126  8:31  Marine x3  
  128  8:34  Viking x2  
Show
View Real Time Build Order
Export as new Build Order

BAdhAbBitS Terran 

Build Orders: Gas First Reaper Expand, Banshee Rush 

Get SALT Encoding   

  12  0:00  SCV  
  13  0:13  SCV  
  14  0:17  Supply Depot  
  14  0:25  SCV  
  14  0:28  Refinery  
  15  0:38  SCV  
  16  0:44  Barracks  
  16  0:50  SCV  
  17  1:03  SCV  
  18  1:15  SCV  
  19  1:31  Orbital Command, Reaper  
  20  1:43  Command Center  
  20  1:56  Factory  
  20  1:58  SCV  
  21  2:04  Supply Depot  
  21  2:07  Barracks Reactor  
  21  2:10  SCV  
  22  2:17  Refinery  
  22  2:23  SCV  
  23  2:35  SCV  
  23  2:48  Hellion  
  23  2:49  SCV, Starport, Hellion  
  28  2:53  Barracks Tech Lab  
  27  3:01  Orbital Command  
  27  3:02  SCV  
  28  3:10  Hellion  
  32  3:13  Hellion  
  32  3:15  SCV  
  33  3:20  Refinery  
  33  3:27  SCV  
  33  3:28  SCV  
  35  3:39  SCV  
  35  3:40  SCV  
  37  3:44  Cloaking Field, Banshee  
  40  3:50  Barracks Tech Lab  
  40  3:51  SCV  
  40  3:52  SCV  
  40  3:53  Supply Depot  
  42  3:56  Factory Tech Lab  
  42  4:03  SCV  
  42  4:05  SCV  
  44  4:16  SCV  
  45  4:17  Command Center  
  45  4:19  SCV  
  46  4:25  Siege Tank  
  49  4:32  SCV x2  
  49  4:33  Supply Depot  
  51  4:38  Banshee  
  51  4:43  Supply Depot  
  54  4:55  SCV x2  
  54  4:56  Stimpack  
  54  4:58  Barracks x2  
  56  5:05  Marine  
  57  5:07  SCV x2  
  57  5:08  Siege Tank  
  57  5:14  Refinery  
  62  5:19  SCV x2, Supply Depot  
  64  5:24  Marine  
  64  5:25  Raven  
  67  5:34  SCV  
  69  5:35  Orbital Command  
  69  5:36  SCV  
  69  5:42  Marine  
  67  5:46  Barracks Reactor  
  67  5:48  Barracks  
  67  5:49  Barracks  
  67  5:54  SCV, Engineering Bay  
  67  5:55  Engineering Bay  
  68  5:59  SCV  
  68  6:04  Orbital Command  
  70  6:06  SCV  
  70  6:08  Raven  
  70  6:10  Marine, Supply Depot  
  70  6:11  Marine, SCV  
  75  6:16  Siege Tank  
  75  6:18  SCV  
  79  6:24  Terran Infantry Weapons Level 1  
  79  6:26  Terran Infantry Armor Level 1  
  79  6:29  SCV x2  
  79  6:31  SCV  
  79  6:32  Marine  
  83  6:35  Combat Shield  
  83  6:39  Barracks Reactor x2  
  83  6:41  SCV x2  
  83  6:43  Marine x2  
  83  6:44  Marine  
  83  6:46  SCV, Marine  
  89  6:50  Marine  
  89  6:51  Supply Depot  
  89  6:53  SCV  
  92  6:56  SCV, Siege Tank  
  92  7:01  Marine x2, SCV, Supply Depot  
  97  7:02  Supply Depot  
  97  7:06  SCV  
  100  7:09  SCV  
  100  7:12  Marine x2  
  100  7:14  Marine  
  100  7:15  Supply Depot  
  104  7:16  Supply Depot  
  104  7:17  Marine, Starport Reactor  
  104  7:18  Marine x2  
  104  7:19  SCV  
  104  7:20  Marine  
  109  7:23  Marine x2, Refinery  
  109  7:24  Refinery  
  112  7:30  SCV x2, Marine x2  
  112  7:32  Marine, Factory  
  112  7:34  Armory  
  116  7:40  Marine x2  
  116  7:41  SCV, Siege Tank  
  122  7:45  SCV  
  123  7:54  Marine x4  
  123  7:55  Marine, Medivac x2  
  123  7:56  Marine  
  123  7:58  Marine x2  
  135  7:59  Supply Depot  
  135  8:01  Supply Depot  
  136  8:06  SCV  
  136  8:11  Marine  
  136  8:12  Marine x3  
  136  8:13  Marine x2  
  136  8:16  Marine x2, Barracks Reactor  
  140  8:23  Siege Tank  
  140  8:26  SCV  
  144  8:29  Marine x2  
  144  8:30  Marine x2  
  144  8:31  Marine x2  
  144  8:32  SCV  
  151  8:34  SCV  
  151  8:35  Marine  
  152  8:41  SCV  
  152  8:47  SCV, Marine x2  
  142  8:48  SCV  
  142  8:53  SCV  
Tags
 
Add a new tag
Caveats
  • Supply blocks, unpowered buildings, or Contaminate may cause inaccurate times.
  • Supply counts are checked every 10 seconds.